 Dungeon Crawl Stone Soup version 0.30.0-17-ge0270778cf (webtiles) character file.

Game seed: 10701061369623567332

556 gelatine the Shooter (level 7, -1/39 (55) HPs)
             Began as a Demonspawn Hunter on May 21, 2023.
             Slain by a wight
             ... wielding a +5 scimitar of draining
              (3 damage)
             ... on level 4 of the Dungeon.
             The game lasted 00:09:20 (2992 turns).

gelatine the Shooter (Demonspawn Hunter)            Turns: 2992, Time: 00:09:22

HP:   -1/39 (55)    AC:  5    Str: 12    XL:     7   Next: 8%
MP:   11/11         EV: 14    Int: 10    God:
Gold: 151           SH:  0    Dex: 18    Spells: 12/12 levels left

rFire   . . .        a - +0 shortbow
rCold   + . .        (shield currently unavailable)
rNeg    . . .        r - +1 robe {rC+}
rPois   .            d - +0 helmet
rElec   .            (no cloak)
rCorr   .            e - +0 pair of gloves
SInv    .            (no boots)
Will    .....        (no amulet)
Stlth   +++          (no ring)
HPRegen 0.26/turn    (no ring)
MPRegen 0.24/turn

%: no passive effects
@: flying, very heavily drained
A: claws 1, foul stench 2, magic regeneration
a: no special abilities


You were on level 4 of the Dungeon.
You visited 1 branch of the dungeon, and saw 4 of its levels.

You collected 151 gold pieces.

Inventory:

Hand Weapons
 a - a +0 shortbow (weapon)
Armour
 c - a +0 leather armour
 d - a +0 helmet (worn)
 e - a +0 pair of gloves (worn)
 r - a +1 robe of cold resistance (worn)
Wands
 l - a wand of iceblast (7)
 q - a wand of polymorph (8)
Scrolls
 b - a scroll of immolation
 f - 2 scrolls of fear {unknown}
 g - 2 scrolls of fog {unknown}
 h - a scroll of enchant armour {unknown}
 k - 2 scrolls of enchant weapon {unknown}
 m - a scroll of teleportation {unknown}
 o - a scroll of blinking {unknown}
 p - 3 scrolls of poison {unknown}
 u - a scroll of butterflies {unknown}
 v - a scroll of noise {unknown}
Potions
 i - 2 potions of flight
 j - a potion of attraction {unknown}
 n - a potion of berserk rage
 s - 3 potions of heal wounds
 t - 2 potions of haste {unknown}
 w - a potion of curing {unknown}


   Skills:
 * Level 4.6 Fighting
 * Level 6.6 Ranged Weapons
 * Level 3.5 Armour
 * Level 4.3 Dodging
 * Level 4.3 Stealth
 + Level 3.2 Spellcasting
 + Level 3.6 Evocations


You had 12 spell levels left.
You didn't know any spells.
Your spell library contained the following spells:

 Spells                   Type           Power      Damage    Failure   Level
 Foxfire                  Conj/Fire      4%         2x1d4     28%         1
 Magic Dart               Conj           4%         1d3       28%         1
 Call Imp                 Summ           2%         N/A       38%         2
 Mephitic Cloud           Conj/Pois/Air  1%         N/A       63%         3
 Fireball                 Conj/Fire      0%         3d3       100%        5
 Plasma Beam              Fire/Air       0%         2x1d11    100%        6
 Starburst                Conj/Fire      0%         6d3       100%        6


Dungeon Overview and Level Annotations

Branches:
Dungeon (4/15)
 Temple: D:4-7

Altars:
Gozag
Kikubaaqudgha
Nemelex Xobeh
Vehumet


Innate Abilities, Weirdness & Mutations

You have sharp fingernails.
You sometimes emit foul miasma when damaged in melee.
You regenerate magic rapidly.


Message History

The wight hits you with a +5 scimitar of draining.
You feel drained. The wight misses you.
You are too injured to fight recklessly!
You are too injured to fight recklessly!
You are too injured to fight recklessly!
You are too injured to fight recklessly!
You are too injured to fight recklessly!
You are too injured to fight recklessly!
Fire: a) +0 shortbow
Press: ? - help, Q - select action, (/) - cycle Shift-Dir - straight line, f/p - wight
Aim: a wight, wielding a +5 scimitar of draining and wearing a +0 robe (moderately damaged, 66% to hit)
You shoot an arrow.
The arrow hits the wight but does no damage.
The wight is moderately damaged.
The wight hits you from afar with a +3 halberd of freezing!
* * * LOW HITPOINT WARNING * * *
You feel drained.
* * * LOW HITPOINT WARNING * * *
The wight freezes you.
* * * LOW HITPOINT WARNING * * *
The wight closely misses you.
It was a potion of flight.
You feel very buoyant.
You fly up into the air.
The wight barely misses you. x2
It was a potion of heal wounds.
You feel much better.
The wight hits you from afar with a +3 halberd of freezing!
You feel drained. The wight freezes you. The wight closely misses you.
You shoot an arrow. The arrow hits the wight.
The wight is heavily damaged.
The wight hits you from afar with a +3 halberd of freezing!
You feel drained.
* * * LOW HITPOINT WARNING * * *
The wight freezes you.
* * * LOW HITPOINT WARNING * * *
The wight hits you with a +5 scimitar of draining!
* * * LOW HITPOINT WARNING * * *
You feel drained.
* * * LOW HITPOINT WARNING * * *
You feel drained.
You die...

#.......#................
#.......####'#####.......
#........#.......+.......
#.......##.......#.......
#.......##......^#.......
#................#.......
#.......##.......######..
#.......###########...#..
#.......@zz........<..'..
#.......##............#..
#......†##.......##'#####
#.......###########...##.
#.......##.......##......
#.................#......
#.......##........#......
#.......##........#......
#.............)..##...##.


You could see 2 wights.

Vanquished Creatures
  Grinder (D:4)
  2 wights (D:4)
  A jelly (D:4)
  An orc wizard (D:3)
  3 adders
  3 shadow imps (D:3)
  A white imp (D:4)
  A worm (D:4)
  A dart slug (D:2)
  8 orcs
  8 endoplasms
  3 giant cockroaches
  6 goblins
  11 hobgoblins
  3 jackals (D:3)
  8 kobolds
  2 quokkas (D:2)
  3 ball pythons
  4 bats (D:1)
  6 frilled lizards
  2 rats
78 creatures vanquished.

Vanquished Creatures (others)
  An endoplasm (D:3)
1 creature vanquished.

Grand Total: 79 creatures vanquished

Notes
Turn   | Place    | Note
-------+----------+-------------------------------------------
     0 | D:1      | gelatine the Demonspawn Hunter began the quest for the Orb.
     0 | D:1      | Reached XP level 1. HP: 16/16 MP: 1/1
   160 | D:1      | Reached skill level 4 in Ranged Weapons
   161 | D:1      | Gained mutation: You may rarely emit foul miasma when
                  | damaged in melee. [demonic ancestry]
   161 | D:1      | Reached XP level 2. HP: 22/22 MP: 2/2
   163 | D:1      | Reached skill level 1 in Stealth
   821 | D:2      | Reached XP level 3. HP: 27/27 MP: 3/3
   944 | D:2      | Found a faded altar of an unknown god.
  1575 | D:3      | Reached skill level 5 in Ranged Weapons
  1575 | D:3      | Gained mutation: You sometimes emit foul miasma when
                  | damaged in melee. [demonic ancestry]
  1575 | D:3      | Reached XP level 4. HP: 38/38 MP: 3/8
  1724 | D:3      | Found a transporter.
  1785 | D:3      | Found a transporter.
  1839 | D:3      | Gained mutation: You have sharp fingernails. [demonic
                  | ancestry]
  1839 | D:3      | Reached XP level 5. HP: 28/43 MP: 9/9
  1907 | D:3      | Found a radiant altar of Vehumet.
  2094 | D:3      | Found an ancient bone altar of Kikubaaqudgha.
  2255 | D:3      | Found an opulent altar of Gozag.
  2255 | D:3      | Found a sparkling altar of Nemelex Xobeh.
  2276 | D:3      | Reached skill level 6 in Ranged Weapons
  2577 | D:4      | Identified the +4 hand axe "Gias" {venom, rElec Stlth+}
  2711 | D:4      | Noticed Grinder
  2728 | D:4      | Killed Grinder
  2729 | D:4      | Reached XP level 6. HP: 42/49 MP: 10/10
  2988 | D:4      | Gained mutation: You regenerate magic rapidly. [demonic
                  | ancestry]
  2988 | D:4      | Reached XP level 7. HP: 29/49 MP: 11/11
  2992 | D:4      | HP: 2/41 [wight/+5 scimitar of draining (1)]
  2992 | D:4      | Slain by a wight

Illustrated notes

Levels and vault maps discovered:
D:1:      giann_bridges, layout_loops_ring
D:2:      layout_basic, hellmonk_ecumenical_altar_run_dry
D:3:      gammafunk_wand_slinger, layout_loops_ring,
          grunt_temple_overflow_opulence, fiery_altar_vehumet,
          mainiacjoe_overflow_concentric_impassable, small_statue_intersection
D:4:      layout_gridville, uniq_grinder

Skill      XL: |  1  2  3  4  5 |
---------------+----------------+-----
Ranged Weapons | 4 5 6 |  6.6
Stealth        | 1 4 |  4.3
Dodging        | 4 |  4.3
Fighting       | 4 |  4.6
Armour         | 3 |  3.5
Spellcasting   | 3 |  3.2
Evocations     | 3 |  3.6

Action                     |  1- 3 |  4- 6 |  7- 9 || total
---------------------------+-------+-------+-------++-------
   Fire: Shortbow          |   100 |   126 |     3 ||   229
  Evoke: Wand              |       |     2 |       ||     2
    Use: Scroll            |     2 |       |       ||     2
         Potion            |     1 |       |     2 ||     3
 Armour: Leather armour    |    15 |       |       ||    15
         Robe              |       |     8 |       ||     8
  Dodge: Dodged            |    34 |    28 |     5 ||    67
